 Dungeon Crawl Stone Soup version 0.20-a0-331-g5b3579f (webtiles) character file.

2879 RogueShenanigans the Cleaver (level 9, -3/81 HPs)
             Began as a Minotaur Fighter on Dec 21, 2016.
             Was a Priest of Makhleb.
             Slain by a two-headed ogre
             ... wielding a +0 giant club
              (9 damage)
             ... on level 8 of the Dungeon.
             The game lasted 00:12:49 (5437 turns).

RogueShenanigans the Cleaver (Minotaur Fighter)     Turns: 5437, Time: 00:12:51

Health: -3/81      AC: 13    Str: 22    XL:     9   Next: 48%
Magic:  10/10      EV:  4    Int:  5    God:    Makhleb [***...]
Gold:   403        SH:  9    Dex: 12    Spells: 8/8 levels left

rFire  . . .     SeeInvis .     a - +0 war axe
rCold  . . .     Gourm    .     G - +0 plate armour
rNeg   . . .     Faith    .     c - +0 shield
rPois  .         Spirit   .     (helmet restricted)
rElec  .         Reflect  .     (no cloak)
rCorr  .         Harm     .     (no gloves)
MR     .....                    (no boots)
Stlth  ..........               p - amulet of rage
                                (no ring)
                                (no ring)

@: lethally poisoned (-3 -> -4)
A: retaliatory headbutt, horns 2
a: Minor Destruction, Lesser Servant of Makhleb, Renounce Religion, Evoke
Berserk Rage


You were on level 8 of the Dungeon.
You worshipped Makhleb.
Makhleb was most pleased with you.
You were not hungry.

You visited 2 branches of the dungeon, and saw 9 of its levels.
You also visited: Ossuary.

You collected 403 gold pieces.

Inventory:

Hand Weapons
 a - a +0 war axe (weapon)
Armour
 b - a +0 scale mail
 c - a +0 shield (worn)
 w - a +0 chain mail
 G - a +0 plate armour (worn)
Jewellery
 p - an amulet of rage (around neck)
 E - an uncursed amulet of the gourmand
Wands
 C - a wand of lightning (8/15)
 H - a wand of acid (6/15)
 J - a wand of polymorph (15/24)
 M - a wand of iceblast (7/15)
Scrolls
 d - a scroll of remove curse
 h - 2 scrolls of identify
 j - a scroll of magic mapping
 m - 2 scrolls of teleportation
 o - 2 scrolls of amnesia {unknown}
 r - 2 scrolls of fear {unknown}
 v - a scroll of recharging {unknown}
 x - 3 scrolls of enchant armour {unknown}
 y - a scroll of enchant weapon {unknown}
 A - a scroll of blinking {unknown}
 B - a scroll of immolation {unknown}
 I - a scroll of fog {unknown}
Potions
 e - 2 potions of magic
 i - 3 potions of heal wounds
 k - 3 potions of curing
 l - 4 potions of haste
 q - 3 potions of berserk rage
 t - 2 potions of agility
 D - a potion of mutation {unknown}
 F - a potion of resistance {unknown}
Books
 s - a book of Necromancy

   Spells                             Type                      Level
   a - Pain                           Necromancy                   1
   b - Animate Skeleton               Necromancy                   1
   c - Vampiric Draining              Necromancy                   3
   d - Regeneration                   Charms/Necromancy            3
   e - Animate Dead                   Necromancy                   4
   f - Control Undead                 Necromancy                   4
 L - a book of Flames

   Spells                             Type                      Level
   a - Flame Tongue                   Conjuration/Fire             1
   b - Throw Flame                    Conjuration/Fire             2
   c - Conjure Flame                  Conjuration/Fire             3
   d - Inner Flame                    Hexes/Fire                   3
   e - Sticky Flame                   Conjuration/Fire             4
   f - Fireball                       Conjuration/Fire             5
Comestibles
 f - 3 bread rations
 g - 2 slices of pizza
 n - 3 meat rations
 u - a royal jelly
 z - 2 beef jerkies


   Skills:
 + Level 8.2 Fighting
 * Level 10.9 Axes
 + Level 8.4 Armour
 - Level 3.6 Shields
 + Level 3.6 Invocations


You had 8 spell levels left.
You didn't know any spells.

Dungeon Overview and Level Annotations

Branches:
Dungeon (8/15)             Temple (1/1) D:4
   Lair: D:8-11

Altars:
Ashenzari
Cheibriados
Dithmenos
Elyvilon
Fedhas
Gozag
Hepliaklqana
Kikubaaqudgha
Makhleb
Nemelex Xobeh
Okawaru
Qazlal
Ru
Trog
Uskayaw
Vehumet
Xom
Yredelemnul
Zin
The Shining One

Shops:
D:7 (


Innate Abilities, Weirdness & Mutations

You reflexively headbutt those who attack you in melee.
You have a pair of horns on your head.


Message History

The two-headed ogre is heavily wounded.
You feel sick.
You hit the two-headed ogre.
Your headbutt misses the two-headed ogre.
The two-headed ogre is heavily wounded.
The two-headed ogre hits you with a giant club!
The two-headed ogre hits you but does no damage.
You hit the two-headed ogre.
The two-headed ogre is heavily wounded.
The two-headed ogre hits you with a giant club!
* * * LOW HITPOINT WARNING * * *
You block the two-headed ogre's attack.
You completely miss the two-headed ogre.
You headbutt the two-headed ogre.
The two-headed ogre is heavily wounded.
You feel sick.
The two-headed ogre hits you with a giant club!
* * * LOW HITPOINT WARNING * * *
The two-headed ogre hits you with a dire flail!
You die...

## .. ##.
## .. .#
#. .#
#.#.#
#.O.#
#.@.#
#...#
..#####..#
#........#
..#####.##
#.# #.#
#.# #.#
#.# #.#
#.# #.#


You could see a two-headed ogre.

Vanquished Creatures
  The ghost of dondy the Slasher, a novice DsAK of Lugonu (Ossuary)
  A water moccasin (D:8)
  A black bear (D:7)
  An orc warrior (D:6)
  A sky beast (D:5)
  The ghost of Mygna the Poker, an amateur CeWr (D:3)
  A centaur (D:6)
  Blork the orc (D:5)
  3 bullfrogs
  2 elf zombies (Ossuary)
  A gnoll sergeant (D:7)
  A scorpion (D:6)
  4 crimson imps
  2 centaur skeletons
  2 bullfrog zombies (D:5)
  2 centaur zombies (Ossuary)
  3 jellies
  2 hounds
  3 bullfrog skeletons
  An orc priest (D:6)
  7 orc wizards
  3 iguanas
  4 worker ants
  A killer bee zombie (D:6)
  2 big kobold zombies (Ossuary)
  3 hound zombies
  A hound skeleton (D:5)
  4 mummies
  A howler monkey zombie (D:5)
  A worker ant zombie (D:5)
  3 gnolls (D:7)
  7 adders
  3 shadow imps (D:7)
  3 oozes
  4 adder zombies
  3 worms
  2 dart slugs
  3 leopard geckos
  14 orcs
  9 bats
  A giant cockroach (D:4)
  A gnoll zombie (Ossuary)
  8 goblins
  5 hobgoblins
  6 jackals
  3 quokkas
  A ball python (D:1)
  4 frilled lizards
  4 goblin zombies (Ossuary)
  6 hobgoblin zombies
  5 jackal zombies (Ossuary)
  8 kobolds
  2 kobold zombies
  3 orc zombies
  6 quokka zombies (Ossuary)
  5 rats
  2 rat zombies (Ossuary)
182 creatures vanquished.

Notes
Turn   | Place    | Note
-------+----------+-------------------------------------------
     0 | D:1      | RogueShenanigans the Minotaur Fighter began the quest for the Orb.
     0 | D:1      | Reached XP level 1. HP: 19/19 MP: 0/0
    27 | D:1      | You fall through a shaft!
   260 | D:1      | Reached skill level 3 in Axes
   260 | D:1      | Reached XP level 2. HP: 27/27 MP: 1/1
   755 | D:2      | Found a glowing silver altar of Zin.
   772 | D:2      | Reached XP level 3. HP: 32/33 MP: 2/2
  1067 | D:2      | Reached skill level 4 in Axes
  1617 | D:3      | Noticed Mygna's ghost (amateur CeWr)
  1654 | D:3      | Reached XP level 4. HP: 40/40 MP: 3/3
  1669 | D:3      | Killed Mygna's ghost
  1669 | D:3      | Reached skill level 5 in Axes
  1669 | D:3      | Reached XP level 5. HP: 44/47 MP: 4/4
  1818 | D:3      | Found a radiant altar of Vehumet.
  2043 | D:3      | Reached skill level 5 in Fighting
  2126 | D:4      | Found a staircase to the Ecumenical Temple.
  2183 | Temple   | Entered the Ecumenical Temple
  2190 | Temple   | Became a worshipper of Makhleb the Destroyer
  2235 | D:4      | Found a sparkling altar of Nemelex Xobeh.
  2236 | D:4      | Found a blossoming altar of Fedhas.
  2237 | D:4      | Found an opulent altar of Gozag.
  2370 | D:4      | Reached XP level 6. HP: 48/56 MP: 5/5
  2403 | D:4      | Reached skill level 6 in Axes
  2506 | D:4      | Reached skill level 5 in Armour
  2915 | D:5      | Entered Level 5 of the Dungeon
  2915 | D:5      | Found a sand-covered staircase.
  2933 | Ossuary  | Entered an ossuary
  2967 | Ossuary  | Noticed dondy's ghost (novice DsAK)
  2977 | Ossuary  | Killed dondy's ghost
  2977 | Ossuary  | Reached skill level 8 in Axes
  2977 | Ossuary  | Reached XP level 7. HP: 38/64 MP: 6/6
  2991 | Ossuary  | Reached * piety under Makhleb
  3113 | Ossuary  | Reached XP level 8. HP: 63/71 MP: 7/7
  3310 | D:5      | Reached ** piety under Makhleb
  3330 | D:5      | Noticed a six-headed hydra
  3545 | D:5      | Reached skill level 9 in Axes
  3562 | D:5      | Reached skill level 1 in Invocations
  3646 | D:5      | Noticed Blork the orc
  3658 | D:5      | Killed Blork the orc
  3707 | D:5      | Found a sacrificial altar of Ru.
  4180 | D:5      | Found a bloodstained altar of Trog.
  4463 | D:6      | Found an iron altar of Okawaru.
  4475 | D:6      | Reached skill level 10 in Axes
  4603 | D:6      | Reached XP level 9. HP: 72/79 MP: 9/9
  4857 | D:6      | Reached *** piety under Makhleb
  5032 | D:7      | Found a shadowy altar of Dithmenos.
  5209 | D:7      | Found a glowing golden altar of the Shining One.
  5242 | D:7      | Found Bozel's Antique Weapon Shoppe.
  5428 | D:8      | Noticed a two-headed ogre
  5437 | D:8      | Slain by a two-headed ogre

Vault maps used:
D:1:      lemuel_arrival_lava_pool, kennysheep_nondescript,
          hangedman_decor_clover_reticule
D:2:      zin_statuary, first_bread
D:3:      lemuel_crystal_altar, kennysheep_generic_room_15
D:4:      grunt_temple_overflow_open
D:5:      minmay_thick_lines, bloody_trog, nicolae_ossuary_entry_monument,
          serial_undead, serial_undead_d, serial_undead_b, serial_undead_c,
          serial_undead_e, nicolae_ru_path_of_blood, uniq_blork_the_orc
D:6:      kennysheep_okawaru_gauntlet, minmay_mini_ossuary
D:7:      overflow_temple_1_default, basic_altar, serial_shops,
          nicolae_shop_temple_entry_statues_fountains
D:8:      david_lair_generic, serial_shops, shop, moated_statue
Temple:   nicolae_temple_no_exploring_needed
Ossuary:  minmay_ossuary_two_tombs

Skill      XL: |  1  2  3  4  5  6  7  8  9 |
---------------+----------------------------+-----
Axes           | 3 4 5 8 10 | 10.9
Fighting       | 4 5 6 7 8 |  8.2
Armour         | 4 6 7 8 |  8.4
Invocations    | 2 3 |  3.6
Shields        | |  3.6

Action                   |  1- 3 |  4- 6 |  7- 9 || total
-------------------------+-------+-------+-------++-------
Melee: War axe           |   109 |   139 |   298 ||   546
       Headbutt          |     7 |    12 |    53 ||    72
  Use: Scroll            |       |     5 |     7 ||    12
       Potion            |       |     1 |       ||     1
  Eat: Bread ration      |     1 |       |       ||     1
       Chunk             |       |     2 |     9 ||    11
Armor: Scale mail        |    54 |    16 |       ||    70
       Chain mail        |       |    55 |   101 ||   156
       Plate armour      |       |       |    40 ||    40
Dodge: Dodged            |    35 |    32 |    61 ||   128
Block: Shield            |    81 |    66 |   132 ||   279
